 Dungeon Crawl Stone Soup version 0.26-a0-638-gcca6ad1b57 (webtiles) character file.

Game seed: 8585461997674995092

543 DogServant the Shield-Bearer (level 7, 0/44 HPs)
             Began as a Gargoyle Fighter on Sept 14, 2020.
             Slain by an ice beast (10 damage)
             ... on level 5 of the Dungeon.
             The game lasted 00:07:35 (4081 turns).

DogServant the Shield-Bearer (Gargoyle Fighter)     Turns: 4081, Time: 00:07:36

Health: 0/44       AC: 12    Str: 17    XL:     7   Next: 27%
Magic:  7/7        EV:  7    Int:  9    God:
Gold:   243        SH: 10    Dex:  9    Spells: 6/6 levels left

rFire    . . .     SeeInvis .   a - +1 flail
rCold    . . .     Faith    .   c - +1 kite shield
rNeg     + + .     Spirit   .   r - +0 scale mail (curse)
rPois    ∞         Reflect  .   (no helmet)
rElec    +         Harm     .   (no cloak)
rCorr    .         Rampage  .   (no gloves)
MR       .....                  (no boots)
Stlth    ..........             q - amulet of the acrobat
HPRegen  0.14/turn              p - -4 ring of strength (curse)
MPRegen  0.10/turn              i - ring of positive energy

@: no status effects
A: negative energy resistance 1, electricity resistance, unbreathing,
petrification resistance, rot immunity, AC +4
a: no special abilities


You were on level 5 of the Dungeon.
You visited 1 branch of the dungeon, and saw 5 of its levels.

You collected 243 gold pieces.

Inventory:

Hand Weapons
 a - a +1 flail (weapon)
Armour
 b - a +0 scale mail
 c - a +1 kite shield (worn)
 r - a cursed +0 scale mail (worn)
Jewellery
 i - a ring of positive energy (right hand)
 m - an uncursed ring of see invisible
 p - a cursed -4 ring of strength (left hand)
 q - an amulet of the acrobat (around neck)
Scrolls
 d - a scroll of identify
 f - 2 scrolls of enchant weapon
Potions
 e - 2 potions of haste
 g - a potion of magic {unknown}
 h - 3 potions of flight
 j - a potion of mutation
 n - a potion of stabbing
 o - a potion of berserk rage


   Skills:
 + Level 5.1 Fighting
 + Level 4.3 Maces & Flails
 + Level 5.1 Armour
 + Level 5.2 Shields


You had 6 spell levels left.
You didn't know any spells.
Your spell library was empty.

Dungeon Overview and Level Annotations

Branches:
Dungeon (5/15)
 Temple: D:4-7

Altars:
Elyvilon
Hepliaklqana
Kikubaaqudgha
Okawaru
Sif Muna
Wu Jian


Innate Abilities, Weirdness & Mutations

You are resistant to torment.
Your stone body is resilient. (AC +4)
You are immune to poison.
You resist negative energy. (rN+)
You are resistant to electric shocks. (rElec)
You can survive without breathing.
You are immune to petrification.
You are immune to rotting.


Message History

The ice beast is lightly wounded.
You block the ice beast's attack.
You hit the ice beast.
The ice beast is moderately wounded.
The ice beast hits you. The ice beast freezes you!
You are too injured to fight recklessly!
You sock the ice beast!
The ice beast is heavily wounded.
You block the ice beast's attack.
You sock the ice beast!
The ice beast is severely wounded.
The ice beast hits you. The ice beast freezes you!
* * * LOW HITPOINT WARNING * * *
You block the ice beast's attack.
You hit the ice beast.
The ice beast is almost dead.
The ice beast hits you.
* * * LOW HITPOINT WARNING * * *
The ice beast freezes you!
You die...

#.....#.#
#.#.....#
##.#.#...
#.......# #
#.......##.#..
#............
#........#
#..Y@<..#
##....$..#
#.#...#..#
#.#...# .# #
###.. # #..
#.. ...


You could see an ice beast.

Vanquished Creatures
  Duvessa (D:4)
  A sky beast (D:4)
  Dowan (D:4)
  2 orc wizards (D:4)
  A hound (D:4)
  Crazy Yiuf (D:2)
  7 adders
  3 worms (D:2)
  2 dart slugs (D:1)
  5 leopard geckos
  4 orcs (D:4)
  4 giant cockroaches
  10 goblins
  7 hobgoblins
  6 jackals
  2 quokkas (D:3)
  2 ball pythons
  10 bats
  7 frilled lizards
  5 kobolds
  A leopard gecko skeleton (D:4)
  7 rats
89 creatures vanquished.

Notes
Turn   | Place    | Note
-------+----------+-------------------------------------------
     0 | D:1      | DogServant the Gargoyle Fighter began the quest for the
                  | Orb.
     0 | D:1      | Reached XP level 1. HP: 14/14 MP: 1/1
   277 | D:1      | Reached XP level 2. HP: 19/19 MP: 2/2
   612 | D:1      | Reached XP level 3. HP: 23/23 MP: 3/3
  1176 | D:2      | Found a runed translucent door.
  1177 | D:2      | Noticed Crazy Yiuf
  1221 | D:2      | Killed Crazy Yiuf
  1221 | D:2      | Reached XP level 4. HP: 7/29 MP: 0/4
  1477 | D:2      | Found an ornate altar of the Wu Jian Council.
  1997 | D:2      | Reached XP level 5. HP: 33/33 MP: 5/5
  2270 | D:3      | Found a white marble altar of Elyvilon.
  3026 | D:3      | Found an ancient bone altar of Kikubaaqudgha.
  3060 | D:4      | Found an iron altar of Okawaru.
  3063 | D:4      | Noticed Dowan
  3065 | D:4      | Noticed Duvessa
  3102 | D:4      | Killed Duvessa
  3102 | D:4      | Reached XP level 6. HP: 9/39 MP: 6/6
  3104 | D:4      | Killed Dowan
  3498 | D:4      | Noticed a sky beast
  3517 | D:4      | Killed a sky beast
  3517 | D:4      | Reached skill level 5 in Armour
  3517 | D:4      | Reached skill level 5 in Shields
  3517 | D:4      | Reached XP level 7. HP: 42/44 MP: 7/7
  3567 | D:4      | Found a hazy altar of Hepliaklqana.
  3591 | D:4      | Reached skill level 5 in Fighting
  3844 | D:4      | Found a shimmering blue altar of Sif Muna.
  4058 | D:5      | Entered Level 5 of the Dungeon
  4081 | D:5      | Slain by an ice beast

Illustrated notes

Levels and vault maps discovered:
D:1:      lemuel_arrival_funnel, layout_loops_corners, hangedman_decor_points
D:2:      kb_forest_paths, layout_basic, overflow_temple_1_default,
          uniq_crazy_yiuf_cottage
D:3:      layout_basic, elyvilon_altar_4, lemuel_tele_altar
D:4:      layout_loops_cross, overflow_temple_1_default, kennysheep_mini_moat,
          okawaru_ov_weapons_minmay, uniq_duvessa
D:5:      layout_rooms, bloody_makhleb, old_standard_altar, temple_green,
          serial_bayou_pond_b

Skill      XL: |  1  2  3  4  5  6  7 |
---------------+----------------------+-----
Maces & Flails | 3 4 |  4.3
Shields        | 4 5 |  5.2
Fighting       | 4 5 |  5.1
Armour         | 4 5 |  5.1

Action                   |  1- 3 |  4- 6 |  7- 9 || total
-------------------------+-------+-------+-------++-------
Melee: Flail             |   130 |   223 |    76 ||   429
  Use: Scroll            |       |    10 |     1 ||    11
       Potion            |       |     1 |       ||     1
Armor: Scale mail        |    59 |   137 |    31 ||   227
Dodge: Dodged            |    43 |    67 |    11 ||   121
Block: Kite shield       |    75 |   118 |    39 ||   232

Table legend: (Time is in decaauts)
 A = Elapsed time spent in this place.
 B = Non-inter-level travel time spent in this place.
 C = Inter-level travel time spent in this place.
 D = Time resting spent in this place.
 E = Time spent auto-exploring this place.
 F = Levels seen in this place.
 G = Mean time per level.
                   A        B        C        D        E       F      G
               +--------+--------+--------+--------+--------+-----+--------+
         Total |   4216 |   4152 |     64 |      0 |   3212 |   5 |  843.2 |
       Dungeon |   4216 |   4152 |     64 |      0 |   3212 |   5 |  843.2 |
               +--------+--------+--------+--------+--------+-----+--------+

Top non-repeatable levels by time:
     D:1: 1174 daAuts
     D:2: 1165 daAuts
     D:4: 1055 daAuts
     D:3: 793 daAuts
     D:5: 27 daAuts
